[Event "18th Charleroi Open-C 2019"]
[Site "Charleroi"]
[Date "2019.07.27"]
[Round "1.1"]
[White "Oosterlinck, Luc"]
[Black "Pierquin, Jean-Bernard"]
[Result "1-0"]
[ECO "B01"]
[WhiteElo "1593"]
[BlackElo "1313"]
[Annotator "NA RC"]
[PlyCount "46"]
[EventDate "2019.07.22"]
[EventType "swiss"]
[EventCountry "BEL"]
[SourceTitle "playchess.com"]
[Source "ChessBase"]
[SourceQuality "1"]
[TimeControl "40/5400+30:1800+30"]

1. e4 d5 2. exd5 Nf6 3. d4 Bg4 4. Be2 Bxe2 5. Nxe2 Qxd5 6. O-O Nc6 7. Nbc3 Qf5 8. Ng3 Qa5 9. Be3 e6 10. a3 O-O-O 11. Nce4 Nxe4 12. Nxe4 Be7 13. c3 f5 14. Ng5 Rd7 15. Nxe6 Rg8 16. Qb3 g5 17. Nc5 Qb6 18. Qxg8+ Rd8 19. Qe6+ Kb8 20. Nd7+ Rxd7 21. Qxd7 f4 22. d5 fxe3 23. dxc6 e2 1-0

[Event "18th Charleroi Open-C 2019"]
[Site "Charleroi"]
[Date "2019.07.27"]
[Round "1.2"]
[White "Menolascina, Francesco"]
[Black "Lenoir, Aurele"]
[Result "0-1"]
[ECO "A00"]
[WhiteElo "1298"]
[BlackElo "1592"]
[Annotator "NA RC"]
[PlyCount "80"]
[EventDate "2019.07.22"]
[EventType "swiss"]
[EventCountry "BEL"]
[SourceTitle "playchess.com"]
[Source "ChessBase"]
[SourceQuality "1"]
[TimeControl "40/5400+30:1800+30"]

1. b4 e5 2. Bb2 d6 3. e3 Nf6 4. c4 Be7 5. Nc3 Bf5 6. Nf3 O-O 7. Be2 c6 8. O-O Nbd7 9. d3 d5 10. c5 Qc7 11. a4 a5 12. Ba3 axb4 13. Bxb4 Bxc5 14. Bxc5 Nxc5 15. Nh4 Be6 16. d4 exd4 17. exd4 Nce4 18. Nxe4 Nxe4 19. Bd3 Qe7 20. Nf3 Bg4 21. Qe2 Bxf3 22. gxf3 Qg5+ 23. Kh1 Nd6 24. Rg1 Qf6 25. Rg2 Rfe8 26. Qc2 g6 27. Rag1 Qxf3 28. Qd1 Qxd1 29. Rxd1 Rxa4 30. Bf1 Re4 31. Rg1 Raxd4 32. Ra1 Ra4 33. Rb1 b5 34. Bh3 f5 35. f3 Re2 36. Rbc1 Raa2 37. Bg2 Nc4 38. Rce1 b4 39. Rxe2 Rxe2 40. Bf1 Re1 0-1

[Event "18th Charleroi Open-C 2019"]
[Site "Charleroi"]
[Date "2019.07.27"]
[Round "1.3"]
[White "Toth, Charles"]
[Black "Hurreau, Jean Francois"]
[Result "1-0"]
[ECO "A03"]
[WhiteElo "1585"]
[BlackElo "1293"]
[Annotator "NA RC"]
[PlyCount "65"]
[EventDate "2019.07.22"]
[EventType "swiss"]
[EventCountry "BEL"]
[SourceTitle "playchess.com"]
[Source "ChessBase"]
[SourceQuality "1"]
[TimeControl "40/5400+30:1800+30"]

1. f4 d5 2. Nf3 Nc6 3. e3 Bg4 4. Bb5 Bxf3 5. Bxc6+ bxc6 6. Qxf3 Nf6 7. Nc3 e6 8. O-O Bd6 9. d3 O-O 10. e4 Bc5+ 11. Kh1 Qd7 12. e5 Ne8 13. Na4 Bb6 14. b3 f6 15. Qe2 f5 16. Ba3 Rf7 17. Nc5 Qe7 18. d4 g6 19. Qa6 Ng7 20. Bb4 Bxc5 21. Bxc5 Qd7 22. b4 Qe8 23. Rf3 h5 24. Raf1 h4 25. Ra3 Nh5 26. Bxa7 Rh7 27. Qd3 Ng3+ 28. hxg3 hxg3+ 29. Kg1 Qe7 30. Qxg3 Kg7 31. Rff3 Qxb4 32. Rfb3 Qxd4+ 33. Bxd4 1-0

[Event "18th Charleroi Open-C 2019"]
[Site "Charleroi"]
[Date "2019.07.27"]
[Round "1.5"]
[White "Auquier, Yvan"]
[Black "Godde, Paul"]
[Result "1-0"]
[ECO "E43"]
[WhiteElo "1574"]
[BlackElo "1282"]
[Annotator "NA RC"]
[PlyCount "58"]
[EventDate "2019.07.22"]
[EventType "swiss"]
[EventCountry "BEL"]
[SourceTitle "playchess.com"]
[Source "ChessBase"]
[SourceQuality "1"]
[TimeControl "40/5400+30:1800+30"]

1. d4 Nf6 2. Nf3 e6 3. c4 b6 4. Nc3 Bb4 5. e3 Bb7 6. a3 Bxc3+ 7. bxc3 O-O 8. Be2 c5 9. O-O d6 10. a4 Nbd7 11. Bb2 Rc8 12. Qb3 a5 13. Ne1 Ba6 14. Nc2 d5 15. Na3 cxd4 16. cxd4 Ne4 17. Rfc1 Qf6 18. f3 Nd6 19. Nb5 Nxb5 20. cxb5 Bb7 21. Ba3 Rxc1+ 22. Rxc1 Rc8 23. Rxc8+ Bxc8 24. Qc3 Qd8 25. Qc6 Nb8 26. Qd6 Qxd6 27. Bxd6 Nd7 28. Bd3 Bb7 29. Kf2 f6 1-0

[Event "18th Charleroi Open-C 2019"]
[Site "Charleroi"]
[Date "2019.07.27"]
[Round "1.6"]
[White "Verbanck, Mario"]
[Black "Dejasse, Daniel"]
[Result "0-1"]
[ECO "C11"]
[WhiteElo "1268"]
[BlackElo "1568"]
[Annotator "NA RC"]
[PlyCount "106"]
[EventDate "2019.07.22"]
[EventType "swiss"]
[EventCountry "BEL"]
[SourceTitle "playchess.com"]
[Source "ChessBase"]
[SourceQuality "1"]
[TimeControl "40/5400+30:1800+30"]

1. e4 c5 2. Nf3 d6 3. Nc3 Nc6 4. Bc4 e6 5. Bb5 Nf6 6. d4 d5 7. e5 Nd7 8. dxc5 Bxc5 9. Bf4 f6 10. O-O O-O 11. exf6 Qxf6 12. Bg5 Qg6 13. Bd3 Qf7 14. Ne2 e5 15. Nd2 Qh5 16. h4 h6 17. Ng3 Qxd1 18. Raxd1 hxg5 19. hxg5 e4 20. Bb5 a6 21. Ba4 Nb6 22. Bb3 Bg4 23. Rc1 e3 24. Nde4 exf2+ 25. Nxf2 Bxf2+ 26. Rxf2 Rxf2 27. Kxf2 Kh7 28. c4 dxc4 29. Bxc4 Ne5 30. b3 Nbxc4 31. Rh1+ Kg6 32. bxc4 Nxc4 33. Ne4 Kf5 34. Re1 Ne5 35. Nd6+ Ke6 36. Nc4 Rf8+ 37. Kg1 Rf5 38. Kh2 Rxg5 39. Kg3 Be2+ 40. Kf4 Rg4+ 41. Ke3 Bxc4 42. Kf2 Kf5 43. Rh1 Kf4 44. Rd1 Nd3+ 45. Kg1 Kg3 46. Rf1 Rf4 47. Rxf4 Nxf4 48. a4 b5 49. axb5 axb5 50. Kh1 b4 51. Kg1 b3 52. Kh1 b2 53. Kg1 b1=Q# 0-1

[Event "18th Charleroi Open-C 2019"]
[Site "Charleroi"]
[Date "2019.07.28"]
[Round "2.1"]
[White "Van Hille, Clara"]
[Black "Oosterlinck, Luc"]
[Result "1-0"]
[ECO "C45"]
[WhiteElo "1391"]
[BlackElo "1593"]
[Annotator "NA"]
[PlyCount "109"]
[EventDate "2019.07.22"]
[EventType "swiss"]
[EventCountry "BEL"]
[SourceTitle "playchess.com"]
[Source "ChessBase"]
[SourceQuality "1"]
[TimeControl "40/5400+30:1800+30"]

1. e4 e5 2. Nf3 Nc6 3. Nc3 Nf6 4. d4 exd4 5. Nxd4 Nxd4 6. Qxd4 d6 7. Be2 Be7 8. O-O O-O 9. b3 Be6 10. Bb2 c5 11. Qd3 a6 12. Nd5 Bxd5 13. exd5 Qb6 14. c4 Qd8 15. a4 Ne8 16. Rab1 Bf6 17. Bc1 Nc7 18. a5 Rb8 19. Bd2 b5 20. axb6 Rxb6 21. Ba5 Rb7 22. Bd1 Qd7 23. Bc2 g6 24. Rfe1 Re8 25. Rxe8+ Qxe8 26. Re1 Qd7 27. Re3 Qg4 28. Qe4 Qxe4 29. Rxe4 Kf8 30. Kf1 Ne8 31. Ke2 Re7 32. Kf3 Bd4 33. h3 Nf6 34. Re2 Rxe2 35. Kxe2 Nd7 36. f4 f5 37. Kf3 h5 38. g4 hxg4+ 39. hxg4 fxg4+ 40. Kxg4 Kf7 41. f5 gxf5+ 42. Kxf5 Ne5 43. Be4 Ke7 44. Bd2 Nf7 45. Ba5 Be3 46. Bf3 Bc1 47. Bc3 Be3 48. Bh5 Bc1 49. Bf3 Be3 50. Bh5 Bh6 51. Bf6+ Kf8 52. Ke6 Ng5+ 53. Bxg5 Bxg5 54. Kxd6 Be7+ 55. Kc6 1-0

[Event "18th Charleroi Open-C 2019"]
[Site "Charleroi"]
[Date "2019.07.28"]
[Round "2.2"]
[White "Lenoir, Aurele"]
[Black "Recloux, Georges"]
[Result "1/2-1/2"]
[ECO "C47"]
[WhiteElo "1592"]
[BlackElo "1384"]
[Annotator "NA"]
[PlyCount "93"]
[EventDate "2019.07.22"]
[EventType "swiss"]
[EventCountry "BEL"]
[SourceTitle "playchess.com"]
[Source "ChessBase"]
[SourceQuality "1"]
[TimeControl "40/5400+30:1800+30"]

1. e4 Nc6 2. Nf3 Nf6 3. Nc3 e5 4. d4 Bb4 5. Qd3 Bxc3+ 6. bxc3 d6 7. Be2 Qe7 8. d5 Nd8 9. Bg5 O-O 10. O-O b6 11. a4 a5 12. Qe3 Nb7 13. Bb5 Nc5 14. Nd2 Bd7 15. c4 Bxb5 16. cxb5 Kh8 17. Nb3 Nxb3 18. Qxb3 h6 19. Bxf6 Qxf6 20. c4 Qg6 21. Qe3 f5 22. Rfe1 f4 23. Qh3 Rf6 24. f3 Raf8 25. Re2 Qf7 26. Raa2 g5 27. Qg4 Rg8 28. Rf2 h5 29. Qh3 Rh6 30. Kh1 Kh7 31. g3 fxg3 32. Qxg3 Rf6 33. h3 Kh6 34. Ra3 Rf4 35. Kg1 Rf8 36. Rg2 Qf6 37. Rf2 Rf7 38. Kf1 Rh4 39. Ke2 Qf4 40. Qxf4 gxf4 41. Rh2 Rg7 42. Ra1 Rg3 43. Rah1 Kg5 44. Kf2 Kf6 45. Ke2 Ke7 46. Kf2 Rg7 47. Ra1 1/2-1/2

[Event "18th Charleroi Open-C 2019"]
[Site "Charleroi"]
[Date "2019.07.28"]
[Round "2.3"]
[White "Motmans, Matthias"]
[Black "Toth, Charles"]
[Result "1/2-1/2"]
[ECO "C47"]
[WhiteElo "1381"]
[BlackElo "1585"]
[Annotator "NA RC"]
[PlyCount "27"]
[EventDate "2019.07.22"]
[EventType "swiss"]
[EventCountry "BEL"]
[SourceTitle "playchess.com"]
[Source "ChessBase"]
[SourceQuality "1"]
[TimeControl "40/5400+30:1800+30"]

1. e4 Nc6 2. Nf3 Nf6 3. Nc3 e5 4. d4 Bb4 5. Qd3 Bxc3+ 6. bxc3 d6 7. Be2 Qe7 8. d5 Nd8 9. Bg5 O-O 10. O-O b6 11. a4 a5 12. Qe3 Nb7 13. Bb5 Nc5 14. Nd2 1/2-1/2

[Event "18th Charleroi Open-C 2019"]
[Site "Charleroi"]
[Date "2019.07.28"]
[Round "2.4"]
[White "Sofia, Tommaso"]
[Black "Deschuyteneer, Lucien"]
[Result "1-0"]
[ECO "D36"]
[WhiteElo "1580"]
[BlackElo "1376"]
[Annotator "NA RC"]
[PlyCount "77"]
[EventDate "2019.07.22"]
[EventType "swiss"]
[EventCountry "BEL"]
[SourceTitle "playchess.com"]
[Source "ChessBase"]
[SourceQuality "1"]
[TimeControl "40/5400+30:1800+30"]

1. d4 d5 2. c4 e6 3. Nc3 Nf6 4. cxd5 exd5 5. Bg5 Nbd7 6. e3 c6 7. Bd3 h6 8. Bh4 Be7 9. Qc2 Nh5 10. Bxe7 Qxe7 11. Nge2 Nhf6 12. O-O O-O 13. Rae1 Re8 14. Ng3 Nf8 15. f3 Be6 16. e4 dxe4 17. fxe4 Qc7 18. a3 Qb6 19. Qf2 Bb3 20. e5 Nd5 21. Qxf7+ Kh8 22. Nh5 Qxd4+ 23. Kh1 Qg4 24. Bf5 Qg5 25. Ne4 Qe7 26. Qxe7 Rxe7 27. Rf3 Bc4 28. Nd6 Ba6 29. Rg3 Rd8 30. Re4 Rxd6 31. exd6 Rxe4 32. Bxe4 g6 33. Bxd5 cxd5 34. Nf6 Kg7 35. d7 Nxd7 36. Nxd7 Bb5 37. Nc5 b6 38. Ne6+ Kf6 39. Nf4 1-0

[Event "18th Charleroi Open-C 2019"]
[Site "Charleroi"]
[Date "2019.07.29"]
[Round "3.1"]
[White "Van Hille, Clara"]
[Black "Lenoir, Aurele"]
[Result "1-0"]
[ECO "C27"]
[WhiteElo "1391"]
[BlackElo "1592"]
[Annotator "NA"]
[PlyCount "53"]
[EventDate "2019.07.22"]
[EventType "swiss"]
[EventCountry "BEL"]
[SourceTitle "playchess.com"]
[Source "ChessBase"]
[SourceQuality "1"]
[TimeControl "40/5400+30:1800+30"]

1. e4 d6 2. Nc3 Nf6 3. Bc4 e5 4. d3 Nbd7 5. f4 c6 6. Bb3 Qc7 7. a3 Be7 8. Nf3 h6 9. O-O Nf8 10. fxe5 dxe5 11. Nh4 g6 12. h3 Be6 13. Bxe6 Nxe6 14. Be3 Nh5 15. Nf5 Nhf4 16. Nxe7 Qxe7 17. Qg4 h5 18. Qg3 h4 19. Qg4 g5 20. Rae1 Nd4 21. Bxd4 exd4 22. Ne2 Ne6 23. Rf5 f6 24. Ref1 Rf8 25. Qh5+ Kd7 26. Qf3 Qc5 27. Rxc5 1-0

[Event "18th Charleroi Open-C 2019"]
[Site "Charleroi"]
[Date "2019.07.29"]
[Round "3.2"]
[White "Pouliart, Sander"]
[Black "Sofia, Tommaso"]
[Result "1/2-1/2"]
[ECO "C50"]
[WhiteElo "1375"]
[BlackElo "1580"]
[Annotator "NA"]
[PlyCount "80"]
[EventDate "2019.07.22"]
[EventType "swiss"]
[EventCountry "BEL"]
[SourceTitle "playchess.com"]
[Source "ChessBase"]
[SourceQuality "1"]
[TimeControl "40/5400+30:1800+30"]

1. e4 e5 2. Nf3 Nc6 3. Bc4 Bc5 4. Nc3 Nf6 5. O-O O-O 6. d3 d6 7. h3 Be6 8. Bb3 Qd7 9. Bxe6 fxe6 10. Na4 Bb6 11. Nxb6 axb6 12. Bd2 Ne7 13. Nh2 Ng6 14. Ng4 Nf4 15. Bxf4 exf4 16. Nxf6+ Rxf6 17. Qf3 e5 18. g4 Qf7 19. a3 Rd8 20. c4 Qd7 21. Kh2 Qc6 22. g5 Re6 23. h4 Qc5 24. h5 c6 25. Qg4 Re7 26. f3 Qd4 27. Qg1 Qxb2+ 28. Qf2 Qxf2+ 29. Rxf2 d5 30. cxd5 cxd5 31. g6 hxg6 32. hxg6 Re6 33. Rg2 dxe4 34. dxe4 Rdd6 35. Rc1 Rxg6 36. Rc7 Rh6+ 37. Kg1 Rd1+ 38. Kf2 Rd2+ 39. Kg1 Rxg2+ 40. Kxg2 Rh8 1/2-1/2

[Event "18th Charleroi Open-C 2019"]
[Site "Charleroi"]
[Date "2019.07.29"]
[Round "3.3"]
[White "Majewski, Maryian"]
[Black "Dejasse, Daniel"]
[Result "1/2-1/2"]
[ECO "B88"]
[WhiteElo "1366"]
[BlackElo "1568"]
[Annotator "NA"]
[PlyCount "137"]
[EventDate "2019.07.22"]
[EventType "swiss"]
[EventCountry "BEL"]
[SourceTitle "playchess.com"]
[Source "ChessBase"]
[SourceQuality "1"]
[TimeControl "40/5400+30:1800+30"]

1. e4 c5 2. Nf3 Nc6 3. d4 cxd4 4. Nxd4 Nf6 5. Nc3 e6 6. a3 Be7 7. Bc4 O-O 8. O-O Qc7 9. Bb3 a6 10. Be3 b5 11. f4 d6 12. f5 Nxd4 13. Bxd4 Bd7 14. Qe2 Rfe8 15. e5 dxe5 16. Bxe5 Qc5+ 17. Kh1 exf5 18. Bxf6 Bxf6 19. Qd3 Rad8 20. Qd5 Qe7 21. Qb7 Bc8 22. Qxe7 Rxe7 23. Rad1 Red7 24. Rxd7 Rxd7 25. Re1 Kf8 26. Kg1 Bb7 27. Rd1 Rxd1+ 28. Nxd1 Ke7 29. c3 g5 30. Ne3 f4 31. Nd5+ Bxd5 32. Bxd5 h5 33. Kf2 Be5 34. Ke2 f3+ 35. Kxf3 Bxh2 36. c4 bxc4 37. Bxc4 a5 38. b4 axb4 39. axb4 f6 40. Ke4 Kd6 41. Bf7 h4 42. Kf5 Ke7 43. Be6 Bd6 44. b5 g4 45. Bd5 h3 46. gxh3 gxh3 47. Bc6 Be5 48. Be4 Bd4 49. Bc6 Kd6 50. Bh1 Kc5 51. Bc6 h2 52. Kf4 Kc4 53. Kg3 Be5+ 54. Kg2 Kd4 55. Bd7 Ke4 56. Bc6+ Kf5 57. Bd7+ Kg5 58. Bc6 Kh4 59. Bd7 Kg5 60. Bc6 f5 61. Bd5 Kg4 62. Bf3+ Kf4 63. Bc6 Ke3 64. Bb7 Ke2 65. Bf3+ Kd3 66. Bc6 Kc4 67. Bd7 f4 68. Bc6 Kc5 69. Kxh2 1/2-1/2

[Event "18th Charleroi Open-C 2019"]
[Site "Charleroi"]
[Date "2019.07.29"]
[Round "4.1"]
[White "Maris, Lauri"]
[Black "Palstermans, Koen"]
[Result "1-0"]
[ECO "B01"]
[WhiteElo "1314"]
[BlackElo "1437"]
[Annotator "NA"]
[PlyCount "81"]
[EventDate "2019.07.22"]
[EventType "swiss"]
[EventCountry "BEL"]
[SourceTitle "playchess.com"]
[Source "ChessBase"]
[SourceQuality "1"]
[TimeControl "40/5400+30:1800+30"]

1. e4 d5 2. exd5 Nf6 3. c4 e6 4. dxe6 Bxe6 5. Nf3 Qe7 6. Qe2 Nc6 7. d4 Nb4 8. a3 Nd3+ 9. Qxd3 Ng4 10. Be2 O-O-O 11. Nc3 g6 12. O-O Bf5 13. Qd1 Bg7 14. Re1 Qd7 15. d5 h5 16. Bd3 Qd6 17. h3 c5 18. Nb5 Qb8 19. Qc2 Bxd3 20. Qxd3 a6 21. Nc3 Bd4 22. Rf1 Qg3 23. Ne4 Qb8 24. Ng3 Qxg3 25. Qxd4 Qc7 26. Qf4 Rd6 27. Ng5 Nh6 28. Ne4 Nf5 29. Nxd6+ Nxd6 30. b3 Qd7 31. Bb2 Rg8 32. Rfe1 g5 33. Qe3 f5 34. Qxc5+ Kb8 35. Be5 Rg6 36. Bxd6+ Rxd6 37. Re8+ Qxe8 38. Qxd6+ Ka8 39. Qe6 Qh8 40. Re1 Ka7 41. Qe3+ 1-0

[Event "18th Charleroi Open-C 2019"]
[Site "Charleroi"]
[Date "2019.07.29"]
[Round "4.3"]
[White "Louis, Vincent"]
[Black "Toth, Charles"]
[Result "0-1"]
[ECO "C47"]
[WhiteElo "1403"]
[BlackElo "1585"]
[Annotator "NA"]
[PlyCount "173"]
[EventDate "2019.07.22"]
[EventType "swiss"]
[EventCountry "BEL"]
[SourceTitle "playchess.com"]
[Source "ChessBase"]
[SourceQuality "1"]
[TimeControl "40/5400+30:1800+30"]

1. e4 Nc6 2. Nf3 Nf6 3. Nc3 e5 4. d4 Bb4 5. Qd3 Bxc3+ 6. bxc3 Qe7 7. d5 Nd8 8. c4 b6 9. Ba3 d6 10. h3 O-O 11. Be2 Nh5 12. Qc3 Nf4 13. Nxe5 Nxe2 14. Kxe2 Qxe5 15. Qxe5 dxe5 16. Bxf8 Kxf8 17. Rhd1 Nb7 18. Rab1 Nd6 19. f3 Nxc4 20. Rb4 Ba6 21. Kf2 Nd6 22. a4 Bc4 23. Ra1 a5 24. Rb2 Ke7 25. g3 Rf8 26. Ke3 Ba6 27. Rb3 f5 28. exf5 Nxf5+ 29. Kf2 Kd6 30. Rc3 Bb7 31. Rd3 Ba6 32. Rd2 Nd4 33. Ra3 Bc4 34. Re3 Ba6 35. g4 Rf4 36. Kg3 g5 37. Kf2 h6 38. Ra3 Rf7 39. Re3 Ne2 40. c3 Nf4 41. Re4 Nxh3+ 42. Kg3 Nf4 43. c4 Bc8 44. Rd1 Bd7 45. Ra1 Nd3 46. Re2 Nc5 47. Rh2 Rf6 48. Rah1 Nxa4 49. Rxh6 Rxh6 50. Rxh6+ Ke7 51. Rg6 Nc5 52. Rxg5 Kf6 53. Rh5 Kg6 54. Rxe5 a4 55. Re2 b5 56. cxb5 Bxb5 57. Rc2 Na6 58. Rc3 Be8 59. Kf4 Kf6 60. Kg3 Bd7 61. f4 Ke7 62. f5 Kd6 63. Re3 Kxd5 64. f6 Be6 65. g5 Nc5 66. g6 Ne4+ 67. Kf4 Nxf6 68. Ra3 Bd7 69. Kg5 Ng8 70. Rd3+ Kc6 71. Rd4 Be6 72. Rxa4 Kb5 73. Re4 Bd5 74. Re5 Kc4 75. Re8 Bb7 76. g7 Bd5 77. Kg6 c5 78. Rd8 Kd4 79. Kh7 Nf6+ 80. Kg6 Ng8 81. Kh7 Ne7 82. Rd7 Ng8 83. Rd8 Nf6+ 84. Kg6 Ng8 85. Kh7 Ne7 86. Re8 Be4+ 87. Kh6 0-1

[Event "18th Charleroi Open-C 2019"]
[Site "Charleroi"]
[Date "2019.07.29"]
[Round "4.4"]
[White "Dejasse, Daniel"]
[Black "Gaudin, Roger"]
[Result "1-0"]
[ECO "C10"]
[WhiteElo "1568"]
[BlackElo "1339"]
[Annotator "NA"]
[PlyCount "49"]
[EventDate "2019.07.22"]
[EventType "swiss"]
[EventCountry "BEL"]
[SourceTitle "playchess.com"]
[Source "ChessBase"]
[SourceQuality "1"]
[TimeControl "40/5400+30:1800+30"]

1. e4 e6 2. d4 d5 3. Nc3 dxe4 4. Nxe4 b6 5. Nf3 Bb7 6. Bd3 Nf6 7. Qe2 Be7 8. O-O O-O 9. c3 Nbd7 10. Bf4 c5 11. Rad1 Nh5 12. Be3 Qc8 13. dxc5 Nxc5 14. Nxc5 Bxc5 15. Bxh7+ Kxh7 16. Ng5+ Kg6 17. g4 Bxe3 18. Qxe3 Nf6 19. h4 Nxg4 20. h5+ Kxh5 21. Qh3+ Kxg5 22. f4+ Kf5 23. Qh5+ Ke4 24. Rd4+ Ke3 25. Qh3+ 1-0

[Event "18th Charleroi Open-C 2019"]
[Site "Charleroi"]
[Date "2019.07.30"]
[Round "5.1"]
[White "Van Hille, Clara"]
[Black "Maris, Lauri"]
[Result "1-0"]
[ECO "C46"]
[WhiteElo "1391"]
[BlackElo "1314"]
[Annotator "NA"]
[PlyCount "67"]
[EventDate "2019.07.22"]
[EventType "swiss"]
[EventCountry "BEL"]
[SourceTitle "playchess.com"]
[Source "ChessBase"]
[SourceQuality "1"]
[TimeControl "40/5400+30:1800+30"]

1. e4 e5 2. Nf3 Nc6 3. Nc3 Bc5 4. Nxe5 Nxe5 5. d4 Bxd4 6. Qxd4 Qf6 7. Nb5 Kd8 8. Qc5 Qe7 9. Qxc7+ Ke8 10. Nd6+ Kf8 11. Bd2 Nc6 12. O-O-O Qd8 13. Qxd8+ Nxd8 14. Bb4 Ne7 15. Nxc8 Rxc8 16. Rxd7 Ndc6 17. Bxe7+ Nxe7 18. Rxb7 Ra8 19. Bc4 a5 20. Rd1 Ng6 21. Rxf7+ Ke8 22. Rxg7 Rc8 23. Bb5+ Kf8 24. Rdd7 Ne5 25. Rxh7 Rxh7 26. Rxh7 Kg8 27. Re7 Rc5 28. Be2 Ng6 29. Rd7 Nf4 30. Bf3 a4 31. g3 Ne6 32. Bg4 Ng5 33. Rd4 Ra5 34. Rd5 1-0

[Event "18th Charleroi Open-C 2019"]
[Site "Charleroi"]
[Date "2019.07.31"]
[Round "6.1"]
[White "Dejasse, Daniel"]
[Black "Van Hille, Clara"]
[Result "0-1"]
[ECO "C50"]
[WhiteElo "1568"]
[BlackElo "1391"]
[Annotator "NA"]
[PlyCount "81"]
[EventDate "2019.07.22"]
[EventType "swiss"]
[EventCountry "BEL"]
[SourceTitle "playchess.com"]
[Source "ChessBase"]
[SourceQuality "1"]
[TimeControl "40/5400+30:1800+30"]

1. e4 e5 2. Nf3 Nc6 3. Bc4 Bc5 4. O-O d6 5. c3 Nf6 6. d4 Bb6 7. dxe5 Nxe5 8. Nxe5 dxe5 9. Qxd8+ Kxd8 10. Bg5 Ke7 11. Nd2 Be6 12. Bxe6 Kxe6 13. Nc4 Nxe4 14. Nxb6 axb6 15. Bh4 Nd6 16. Rfe1 f6 17. f4 e4 18. g4 g6 19. f5+ Kf7 20. Bg3 Rhe8 21. Bxd6 cxd6 22. Rad1 Rad8 23. Rd5 gxf5 24. gxf5 Re5 25. Rxe5 dxe5 26. Rxe4 Rd1+ 27. Kf2 Rd2+ 28. Re2 Rxe2+ 29. Kxe2 Ke7 30. Kd3 Kd6 31. Kc4 b5+ 32. Kd3 Kd5 33. b3 e4+ 34. Ke3 Ke5 35. a4 bxa4 36. bxa4 Kxf5 37. c4 Ke5 38. c5 f5 39. c6 f4+ 40. Ke2 bxc6 41. a5 0-1

[Event "18th Charleroi Open-C 2019"]
[Site "Charleroi"]
[Date "2019.08.01"]
[Round "7.1"]
[White "Van Hille, Clara"]
[Black "Pouliart, Sander"]
[Result "0-1"]
[ECO "B23"]
[WhiteElo "1391"]
[BlackElo "1375"]
[Annotator "NA"]
[PlyCount "38"]
[EventDate "2019.07.22"]
[EventType "swiss"]
[EventCountry "BEL"]
[SourceTitle "playchess.com"]
[Source "ChessBase"]
[SourceQuality "1"]
[TimeControl "40/5400+30:1800+30"]

1. e4 c5 2. Nc3 Nc6 3. f4 g6 4. Nf3 Bg7 5. Bb5 e6 6. Bxc6 bxc6 7. d3 Ne7 8. O-O d5 9. Qe1 Qb6 10. Kh1 Ba6 11. Rb1 c4 12. Be3 d4 13. Bf2 c5 14. Na4 Qc6 15. b3 cxd3 16. Rg1 dxc2 17. Rc1 Bd3 18. Nd2 f5 19. e5 Nd5 0-1

[Event "18th Charleroi Open-C 2019"]
[Site "Charleroi"]
[Date "2019.08.02"]
[Round "8.1"]
[White "Sofia, Tommaso"]
[Black "Van Hille, Clara"]
[Result "1-0"]
[ECO "D37"]
[WhiteElo "1580"]
[BlackElo "1391"]
[Annotator "NA"]
[PlyCount "41"]
[EventDate "2019.07.22"]
[EventType "swiss"]
[EventCountry "BEL"]
[SourceTitle "playchess.com"]
[Source "ChessBase"]
[SourceQuality "1"]
[TimeControl "40/5400+30:1800+30"]

1. d4 d5 2. c4 e6 3. Nc3 Be7 4. Bf4 Nf6 5. e3 O-O 6. Nf3 b6 7. cxd5 exd5 8. Bd3 Be6 9. h3 c5 10. dxc5 bxc5 11. O-O Nc6 12. Rc1 Qa5 13. g4 Rfd8 14. Ng5 Rac8 15. Nxe6 fxe6 16. g5 Ne4 17. Qh5 e5 18. Nxe4 dxe4 19. Bc4+ Kh8 20. g6 h6 21. Bxh6 1-0